 Dungeon Crawl Stone Soup version 0.28-a0-1429-gf3d713df7a (webtiles) character file.

Game seed: 18357243835683462939

60 Cheeritup the Caller (level 4, -4/25 HPs)
             Began as a Tengu Summoner on Jan 8, 2022.
             Slain by an orc (7 damage)
             ... on level 3 of the Dungeon.
             The game lasted 00:07:18 (2304 turns).

Cheeritup the Caller (Tengu Summoner)               Turns: 2304, Time: 00:07:18

Health: -4/25      AC:  3    Str: 11    XL:     4   Next: 4%
Magic:  5/8        EV: 12    Int: 15    God:
Gold:   34         SH:  0    Dex: 14    Spells: 4/7 levels left

rFire   . . .      SeeInvis .   a - +0 short sword
rCold   . . .      Faith    .   (no shield)
rNeg    . . .      Spirit   .   h - +0 leather armour
rPois   .          Reflect  .   (helmet restricted)
rElec   .          Harm     .   (no cloak)
rCorr   .          Rampage  .   (no gloves)
Will    .....                   (boots unavailable)
Stlth   ++........              (no amulet)
HPRegen 0.08/turn               (no ring)
MPRegen 0.11/turn               (no ring)

@: no status effects
A: beak, talons 3
a: no special abilities


You were on level 3 of the Dungeon.
You visited 1 branch of the dungeon, and saw 3 of its levels.

You collected 34 gold pieces.

Inventory:

Hand Weapons
 a - a +0 short sword (weapon)
 b - a +0 hunting sling
 g - a +1 dagger of pain
Missiles
 d - 2 throwing nets
 e - 22 stones
 f - 70 arrows
Armour
 h - a +0 leather armour (worn)
Scrolls
 c - 2 scrolls of identify {unknown}
 k - 2 scrolls of amnesia {unknown}
Potions
 i - a potion of brilliance {unknown}
 j - 2 potions of curing {unknown}
 l - 2 potions of degeneration {unknown}


   Skills:
 - Level 1.0 Fighting
 * Level 1.6 Short Blades
 - Level 2.1 Dodging
 * Level 2.0 Stealth
 - Level 2.0 Spellcasting
 + Level 6.0 Summonings


You had 4 spell levels left.
You knew the following spells:

 Your Spells              Type           Power      Damage    Failure   Level
a - Summon Small Mammal   Summ           76%        N/A       2%          1
b - Call Imp              Summ           19%        N/A       3%          2

Your spell library contained the following spells:

 Spells                   Type           Power      Damage    Failure   Level
 Call Canine Familiar     Summ           19%        N/A       7%          3
 Summon Guardian Golem    Hex/Summ       10%        N/A       26%         3
 Ensorcelled Hibernation  Hex/Ice        2%         N/A       41%         2
 Summon Lightning Spire   Summ/Air       10%        N/A       63%         4
 Tukima's Dance           Hex            1%         N/A       65%         3
 Enfeeble                 Hex            0%         N/A       100%        7


Dungeon Overview and Level Annotations

Branches:
Dungeon (3/15)

Altars:

Shops:
D:1 ?


Innate Abilities, Weirdness & Mutations

You have a beak for a mouth.
You have claws for feet.


Message History

Your crimson imp hits the orc but does no damage.
The orc hits your crimson imp with a +0 flail.
Your crimson imp hits the orc but does no damage.
The orc misses your crimson imp.
Your crimson imp hits the orc but does no damage.
The orc hits your crimson imp with a +0 flail.
Your crimson imp hits the orc but does no damage.
The orc closely misses your crimson imp.
Your crimson imp hits the orc.
The orc misses your crimson imp.
Your crimson imp closely misses the orc.
The orc misses your crimson imp.
Your crimson imp hits the orc but does no damage.
The orc closely misses your crimson imp.
Your crimson imp hits the orc.
The orc closely misses your crimson imp.
Your crimson imp blinks!
You are too injured to fight recklessly!
Casting: Summon Small Mammal (safe; 2% risk of failure)
Press: ? - help, Q - select action, (/) - cycle Dir - look around, f - activate The orc closely misses you.
Your bat hits the orc. You hit the orc. Your kick misses the orc.
The orc is heavily wounded.
Your bat hits the orc but does no damage. x3
The orc closely misses your bat.
You hit the orc but do no damage. You claw the orc, but do no damage.
You peck the orc, but do no damage.
The orc is heavily wounded.
Your bat hits the orc.
Your bat hits the orc but does no damage.
The orc hits you with a +0 flail.
* * * LOW HITPOINT WARNING * * *
Your bat closely misses the orc.
Casting: Summon Small Mammal (safe; 2% risk of failure)
Confirm with . or Enter, or press ? or * to list all spells.
A metallic apparition takes form in the air.
Your crimson imp disappears in a puff of smoke!
Your bat hits the orc but does no damage. x2
The orc hits you with a +0 flail!
You die...

####### ### #>bo@.#
#..
#ยง###.#########.#
#.# #5........#.# ##
#.# #.#######.#.# #.
#.....# #.#<####.
##....#######.#......
#..............<....
##.#########.#.#####
#.# #.#.#


You could see an orc (ally target), a friendly iron imp (summoned) and a
friendly bat (summoned).

Vanquished Creatures
  2 adders (D:2)
  2 worms
  2 orcs (D:3)
  3 bats
  3 endoplasms
  A giant cockroach (D:1)
  2 goblins
  2 hobgoblins (D:2)
  A quokka (D:1)
  2 ball pythons
  5 kobolds
25 creatures vanquished.

Vanquished Creatures (collateral kills)
  A ball python (D:2)
  2 bats (D:1)
  A hobgoblin (D:1)
  A kobold (D:3)
  2 frilled lizards
7 creatures vanquished.

Grand Total: 32 creatures vanquished

Notes
Turn   | Place    | Note
-------+----------+-------------------------------------------
     0 | D:1      | Cheeritup the Tengu Summoner began the quest for the Orb.
     0 | D:1      | Reached XP level 1. HP: 10/10 MP: 4/4
   161 | D:1      | Reached skill level 5 in Summonings
   334 | D:1      | Reached XP level 2. HP: 9/15 MP: 4/6
   467 | D:1      | Found Umeuxzeo's Magic Scroll Boutique.
   985 | D:2      | Learned a level 2 spell: Call Imp
  1421 | D:2      | Reached XP level 3. HP: 19/19 MP: 7/7
  1795 | D:2      | Reached skill level 1 in Fighting
  1795 | D:2      | Reached skill level 1 in Short Blades
  1994 | D:2      | Reached skill level 6 in Summonings
  2237 | D:3      | Reached XP level 4. HP: 25/25 MP: 5/8
  2238 | D:3      | Noticed a sky beast
  2304 | D:3      | Slain by an orc

Illustrated notes

Levels and vault maps discovered:
D:1:      wander_arrival_peaceful_grave, layout_basic,
          hellmonk_ecumenical_altar_watching_god, serial_shops, shop
D:2:      layout_loops_cross, kennysheep_small_spiral
D:3:      layout_loops_ring, nicolae_tso_swordbearing_angel,
          gammafunk_ghost_cemetery

Skill      XL: |  1  2  3 |
---------------+----------+-----
Summonings     | 5 6 |  6.0
Fighting       | 1 |  1.0
Short Blades   | 1 |  1.6
Dodging        | |  2.1
Stealth        | |  2.0
Spellcasting   | |  2.0

Action                   |  1- 3 |  4- 6 || total
-------------------------+-------+-------++-------
Melee: Unarmed           |     7 |       ||     7
       Dagger            |    20 |       ||    20
       Peck              |    12 |     1 ||    13
       Kick              |    21 |     2 ||    23
       Short sword       |    41 |     6 ||    47
       Punch             |       |     1 ||     1
 Fire: Hunting sling     |     5 |       ||     5
 Cast: Summon Small Mamm |     7 |     1 ||     8
       Call Imp          |     7 |     2 ||     9
 Stab: Sleeping          |     3 |     2 ||     5
Armor: Robe              |     9 |       ||     9
       Leather armour    |     4 |       ||     4
Dodge: Dodged            |    41 |     2 ||    43

Table legend: (Time is in decaauts)
 A = Elapsed time spent in this place.
 B = Non-inter-level travel time spent in this place.
 C = Inter-level travel time spent in this place.
 D = Time resting spent in this place.
 E = Time spent auto-exploring this place.
 F = Levels seen in this place.
 G = Mean time per level.
                   A        B        C        D        E       F      G
               +--------+--------+--------+--------+--------+-----+--------+
         Total |   2306 |   2220 |     86 |    385 |   1500 |   3 |  768.7 |
       Dungeon |   2306 |   2220 |     86 |    385 |   1500 |   3 |  768.7 |
               +--------+--------+--------+--------+--------+-----+--------+

Top non-repeatable levels by time:
     D:2: 1064 daAuts
     D:1: 978 daAuts
     D:3: 263 daAuts
